 Dungeon Crawl Stone Soup version 0.27.1-3-gb3d3a73c9e (webtiles) character file.

Game seed: 7871438325912482274

149570 raph the Devastator (level 16, -10/94 HPs)
             Began as a Deep Elf Fire Elementalist on Oct 27, 2021.
             Was the Champion of Zin.
             Mangled by a dire elephant simulacrum (19 damage)
             ... in an ice cave.
             The game lasted 02:14:16 (50356 turns).

raph the Devastator (Deep Elf Fire Elementalist)   Turns: 50356, Time: 02:14:17

Health: -10/94     AC: 24    Str: 11    XL:     16   Next: 96%
Magic:  4/35       EV: 20    Int: 32    God:    Zin [******]
Gold:   1320       SH:  0    Dex: 18    Spells: 1/42 levels left

rFire    . . .     SeeInvis +   P - +5 rapier (elec)
rCold    . . .     Faith    .   (no shield)
rNeg     . . .     Spirit   .   e - +5 steam dragon scales
rPois    .         Reflect  .   g - +2 helmet
rElec    .         Harm     .   d - +2 cloak
rCorr    .         Rampage  .   m - +2 pair of gloves
Will     +....                  t - +0 pair of boots of Disappointment {Str+4}
Stlth    +++++.....             s - amulet "Qufi" {Acrobat Dex+3 Slay+3}
HPRegen  0.25/turn              I - +4 ring of protection
MPRegen  0.24/turn              y - ring "Qabluru" {Int+6 SInv}

@: on recite cooldown
A: no striking features
a: Renounce Religion, Recite, Vitalisation, Imprison, Sanctuary, Donate Gold


You were in an ice cave.
You worshipped Zin.
Zin was exalted by your worship.
You visited 5 branches of the dungeon, and saw 27 of its levels.
You also visited: Sewer, Ossuary, Bailey and Ice Cave.

You collected 3645 gold pieces.
You spent 2026 gold pieces at shops.
You donated 299 gold pieces to Zin.

Inventory:

Hand Weapons
 a - a +9 vorpal dagger
 c - the +11 scimitar "Daydunti" {vorpal, rPois Str+4}
   (You found it in a bailey)

   It inflicts extra damage upon your enemies.
   Str:       It affects your strength (+4).
   rPois:     It protects you from poison.
 i - a +0 shortbow of freezing
 A - the +9 staff of Olgreb {rPois∞}
   (You found it on level 9 of the Dungeon)

   If the wielder is skilled in Evocations, they can envenom those struck by it,
   dealing poison damage which bypasses armour.
   It enhances your poison magic.
   It grants immunity to poison.
   It can be evoked to radiate toxic energy, with effectiveness depending on
   Evocations skill.
 O - the +5 war axe of Apusis {freeze, rElec rC+}
   (You found it on level 3 of the Lair of Beasts)

   It freezes those it strikes, dealing additional cold damage.
   It can also slow down cold-blooded creatures.
   rC:        It protects you from cold.
   rElec:     It insulates you from electricity.
 P - a +5 rapier of electrocution (weapon)
Missiles
 h - 7 throwing nets
 p - 81 poisoned darts (quivered)
 v - 399 arrows
 H - 7 boomerangs of dispersal
Armour
 d - a +2 cloak (worn)
 e - +5 steam dragon scales (worn)
 g - a +2 helmet (worn)
 m - a +2 pair of gloves (worn)
 t - the +0 pair of boots of Disappointment (worn) {Str+4}
   (You found it on level 13 of the Dungeon)

   Str:       It affects your strength (+4).
Magical Staves
 b - a staff of conjuration
Jewellery
 s - the amulet "Qufi" (around neck) {Acrobat Dex+3 Slay+3}
   (You found it on level 13 of the Dungeon)

   [amulet of the acrobat]

   It increases your evasion while moving and waiting.
   Dex:       It affects your dexterity (+3).
   Slay:      It affects your accuracy & damage with ranged weapons and melee
   (+3).
 y - the ring "Qabluru" (right hand) {Int+6 SInv}
   (You found it on level 6 of the Lair of Beasts)

   [ring of intelligence]

   Int:       It affects your intelligence (+6).
   SInv:      It lets you see invisible.
 E - an amulet of reflection
 G - a ring of fire
 I - a +4 ring of protection (left hand)
 J - a +4 ring of protection
 M - a ring of resist corrosion
Wands
 f - a wand of acid (1)
 l - a wand of iceblast (7)
 q - a wand of digging (2)
 x - a wand of paralysis (19)
 z - a wand of mindburst (9)
 R - a wand of charming (19)
 T - a wand of flame (25)
Scrolls
 k - 13 scrolls of identify
 n - 3 scrolls of fog
 r - 9 scrolls of teleportation
 D - 2 scrolls of magic mapping
 L - 2 scrolls of summoning
 N - 5 scrolls of fear
 Q - 3 scrolls of immolation
 Y - 3 scrolls of enchant armour
Potions
 j - 2 potions of magic
 u - 14 potions of curing
 w - 6 potions of might
 B - 2 potions of flight
 C - 2 potions of resistance
 F - 5 potions of haste
 K - 5 potions of brilliance
 S - 2 potions of heal wounds
 X - 6 potions of cancellation
 Z - 3 potions of mutation


   Skills:
 + Level 8.4 Fighting
 * Level 6.8 Short Blades
 + Level 12.2 Dodging
 - Level 10.1 Stealth
 + Level 13.5 Spellcasting
 * Level 15.4 Conjurations
 - Level 11.4 Fire Magic
 + Level 10.7 Ice Magic
 + Level 6.7 Air Magic
 - Level 7.1 Earth Magic
 + Level 10.7 Invocations


You had one spell level left.
You knew the following spells:

 Your Spells              Type           Power      Damage    Failure   Level
a - Foxfire               Conj/Fire      100%       2x1d9     0%          1
b - Conjure Flame         Conj/Fire      82%        6-21      1%          3
c - Inner Flame           Hex/Fire       55%        N/A       1%          3
d - Sticky Flame          Conj/Fire      82%        2d9       1%          4
e - Fireball              Conj/Fire      41%        3d17      1%          5
f - Freezing Cloud        Conj/Ice/Air   37%        6-21      1%          5
g - Starburst             Conj/Fire      41%        6d12      1%          6
h - Iskenderun's Mystic   Conj/Tloc      63%        2d13      1%          4
i - Dazzling Flash        Conj/Hex       100%       N/A       1%          3
j - Blink                 Tloc           N/A        N/A       3%          2
k - Lightning Bolt        Conj/Air       37%        1d56      1%          5

Your spell library contained the following spells:

 Spells                   Type           Power      Damage    Failure   Level
 Shock                    Conj/Air       100%       1d9       1%          1
 Static Discharge         Conj/Air       75%        N/A       1%          2
 Frozen Ramparts          Ice            100%       1d12      1%          3
 Mephitic Cloud           Conj/Pois/Air  62%        N/A       1%          3
 Ozocubu's Armour         Ice            74%        N/A       1%          3
 Stone Arrow              Conj/Erth      100%       3d13      1%          3
 Airstrike                Air            30%        N/A       1%          4
 Ice Form                 Ice/Tmut       54%        N/A       2%          4
 Summon Ice Beast         Ice/Summ       54%        N/A       2%          4
 Slow                     Hex            21%        N/A       3%          2
 Conjure Ball Lightning   Conj/Air       37%        3x3d12    3%          6
 Animate Armour           Summ/Erth      88%        N/A       4%          4
 Summon Lightning Spire   Summ/Air       43%        N/A       5%          4
 Confusing Touch          Hex            21%        N/A       6%          3
 Gell's Gravitas          Tloc           10%        N/A       6%          3
 Teleport Other           Tloc           21%        N/A       6%          3
 Metabolic Englaciation   Hex/Ice        27%        N/A       7%          5
 Dispel Undead            Necr           21%        3d11      22%         4
 Simulacrum               Ice/Necr       27%        N/A       36%         6
 Summon Mana Viper        Hex/Summ       21%        N/A       52%         5
 Yara's Violent Unravell  Hex/Tmut       10%        3d6       52%         5
 Lehudib's Crystal Spear  Conj/Erth      38%        10d9      80%         8
 Dispersal                Tloc           10%        N/A       97%         6
 Monstrous Menagerie      Summ           10%        N/A       100%        7
 Maxwell's Capacitive Co  Air            30%        ∞         100%        8
 Chain Lightning          Conj/Air       37%        3d50      100%        9
 Polar Vortex             Ice            37%        N/A       100%        9


Dungeon Overview and Level Annotations

Branches:
Dungeon (15/15)            Temple (1/1) D:5            Lair (6/6) D:9
 Shoals (3/4) Lair:2       Spider (0/4) Lair:4        Slime (0/5) Lair:6
    Orc (2/2) D:10            Elf (0/3) Orc:2        Vaults (0/5) D:14
 Depths (0/5) D:15          Sewer (visited)         Ossuary (visited)
 Bailey (visited)           IceCv (1/1)

Altars:
Ashenzari
Cheibriados
Dithmenos
Elyvilon
Fedhas
Gozag
Hepliaklqana
Kikubaaqudgha
Makhleb
Nemelex Xobeh
Okawaru
Qazlal
Ru
Sif Muna
Trog
Uskayaw
Vehumet
Wu Jian
Xom
Yredelemnul
Zin
The Shining One
Jiyva

Shops:
D:14 [   Orc:2 [?(*

Portals:
Trove: D:12 (give 6 scrolls of fear)


Message History

The deep troll simulacrum barely misses you.
The deep troll simulacrum claws you but does no damage.
The deep troll simulacrum barely misses you.
Okay, then.
Casting: Foxfire (safe; 0% risk of failure)
Confirm with . or Enter, or press ? or * to list all spells.
You erupt in a blast of force!
The mystic blast hits the dire elephant simulacrum!
The dire elephant simulacrum is moderately damaged.
The dire elephant simulacrum is knocked back by the mystic blast.
The dire elephant simulacrum slams into the ice covered rock wall!
The mystic blast hits the ice devil!
You kill the ice devil!
The mystic blast hits the deep troll simulacrum!!
The deep troll simulacrum is severely damaged.
The deep troll simulacrum is knocked back by the mystic blast.
The deep troll simulacrum slams into the ice covered rock wall!
Casting: Iskenderun's Mystic Blast (mildly dangerous; 1% risk of failure)
Confirm with . or Enter, or press ? or * to list all spells.
You erupt in a blast of force!
The mystic blast hits the dire elephant simulacrum!
The dire elephant simulacrum is severely damaged.
The dire elephant simulacrum is knocked back by the mystic blast.
The dire elephant simulacrum slams into the ice covered rock wall!
The mystic blast hits the deep troll simulacrum!!
The deep troll simulacrum vaporises!
Zin accepts your kill.
The entropy weaver simulacrum completely misses you.
The entropy weaver simulacrum misses you.
The entropy weaver simulacrum completely misses you.
The entropy weaver simulacrum barely misses you.
You hit the entropy weaver simulacrum.
The entropy weaver simulacrum is lightly damaged.
The entropy weaver simulacrum hits you but does no damage. x3
The entropy weaver simulacrum hits you.
* * * LOW HITPOINT WARNING * * *
The entropy weaver simulacrum freezes you!
* * * LOW HITPOINT WARNING * * *
The dire elephant simulacrum tramples you!!
You die...

##...
#...#
...##
#...#
##...##
##.....##
#...∩...#
#..○.Z4.#
##..∩@Z##
##...##
#####


You could see an ice devil, a dire elephant simulacrum and an entropy weaver
simulacrum.

Vanquished Creatures
  Nikola (Shoals:2)
  A titan (Shoals:1)
  A kraken (Shoals:1)
  2 frost giants (Shoals:1)
  Ilsuiw (Shoals:3)
  A stone giant (Shoals:1)
  A dire elephant (Lair:6)
  2 ettins (Orc:1)
  4 merfolk javelineers
  Josephine (D:11)
  2 boulder beetles
  8 vault guards (D:14)
  10 hydras
  An ogre mage (D:15)
  A catoblepas (Lair:6)
  7 centaur warriors
  10 death yaks
  A death knight (D:13)
  A merfolk aquamancer (Shoals:2)
  A tengu warrior (D:12)
  7 two-headed ogres
  3 orc high priests (Orc:2)
  Nergalle (Lair:3)
  Urug (Lair:4)
  Sonja (D:13)
  The ghost of othur the Basher, a novice GrFi of Gozag (D:9)
  6 sea snakes
  A wizard (D:15)
  2 lindwurms (Lair:6)
  Pikel (D:8)
  14 harpies
  A necromancer (D:15)
  2 oklob plants (Lair:3)
  A phantasmal warrior (D:13)
  7 orc knights
  4 deep elf pyromancers
  6 orc sorcerers
  A cyclops (shapeshifter) (D:9)
  7 manticores
  10 cyclopes
  11 ugly things
  4 merfolk sirens
  11 elephants
  4 black mambas
  A gargoyle (D:11)
  4 water nymphs
  11 cane toads
  2 kobold demonologists (D:13)
  An unseen horror (D:10)
  5 rime drakes
  An efreet (D:13)
  An unseen horror (shapeshifter) (D:14)
  Maggie (D:6)
  An ice devil (IceCv)
  13 komodo dragons
  2 freezing wraiths
  2 anaconda simulacra (IceCv)
  2 guardian mummies (D:12)
  5 trolls
  11 polar bears (Lair:6)
  2 jumping spiders (D:14)
  A wind drake (Shoals:2)
  7 merfolk
  8 blink frogs
  7 snapping turtles
  8 dream sheep
  7 slime creatures
  A spriggan (shapeshifter) (D:14)
  A tarantella (D:14)
  9 wyverns
  4 shadows
  8 wraiths
  5 water elementals
  77 yaks
  The ghost of diceflayer the Shield-Bearer, an amateur MiFi (D:3)
  3 redbacks (D:14)
  5 basilisks
  3 steam dragons
  2 neqoxecs (D:9)
  4 fire bats (Lair:3)
  4 vampire mosquitoes
  16 wargs
  A harpy simulacrum (IceCv)
  A warg (shapeshifter) (D:9)
  6 swamp worms (D:13)
  13 water moccasins
  An acid dragon (D:12)
  15 hell hounds
  2 ice beasts (D:6)
  22 orc warriors
  A sky beast (D:7)
  13 black bears
  A necrophage (D:5)
  17 wolves
  4 centaurs
  9 ogres
  3 kobold brigands (D:13)
  14 scorpions
  A deep troll simulacrum (IceCv)
  17 bullfrogs
  2 troll zombies (D:10)
  8 wights
  2 lindwurm simulacra (IceCv)
  5 killer bees
  An electric eel (Lair:3)
  5 howler monkeys
  5 centaur zombies
  3 hounds
  2 human zombies
  2 centaur skeletons
  3 jellies
  2 bullfrog skeletons
  13 orc priests
  Jessica (D:2)
  2 gnoll shamans
  2 iguanas (D:5)
  Natasha (thrice) (D:2)
  16 orc wizards
  A hell rat (Lair:6)
  4 scorpion zombies (Ossuary)
  4 ogre zombies (D:10)
  A hound skeleton (D:5)
  3 mummies (Ossuary)
  13 gnolls
  20 adders
  A white imp (D:6)
  A worm zombie (D:7)
  An adder skeleton (D:4)
  4 worms
  5 dart slugs
  49 orcs
  24 ball pythons
  12 bats
  11 endoplasms
  22 giant cockroaches
  2 gnoll zombies
  18 goblins
  8 hobgoblins
  8 jackals
  21 quokkas
  15 frilled lizards
  4 goblin zombies
  2 hobgoblin skeletons (D:10)
  5 hobgoblin zombies
  17 kobolds
  5 kobold zombies (Ossuary)
  2 orc skeletons (D:10)
  14 orc zombies
  6 rats
  13 briar patches (D:13)
  2 tentacles (Shoals:1)
946 creatures vanquished.

Vanquished Creatures (collateral kills)
  3 foxfires (Lair:2)
3 creatures vanquished.

Vanquished Creatures (others)
  A sea snake (Shoals:2)
  A manticore (Shoals:2)
  An orc (Orc:2)
  919 foxfires
  53 fungi
  2 pillars of salt
  137 plants
  10 tentacles (Shoals:1)
1124 creatures vanquished.

Grand Total: 2073 creatures vanquished

Notes
Turn   | Place    | Note
-------+----------+-------------------------------------------
     0 | D:1      | raph the Deep Elf Fire Elementalist began the quest for the
                  | Orb.
     0 | D:1      | Reached XP level 1. HP: 10/10 MP: 6/6
   107 | D:1      | Reached XP level 2. HP: 15/15 MP: 5/8
   463 | D:1      | Reached skill level 2 in Conjurations
   463 | D:1      | Reached XP level 3. HP: 19/19 MP: 3/9
   781 | D:1      | Learned a level 3 spell: Conjure Flame
   785 | D:1      | Learned a level 3 spell: Inner Flame
  1136 | D:2      | Reached XP level 4. HP: 24/24 MP: 5/11
  1413 | D:2      | Noticed Natasha
  1419 | D:2      | Killed Natasha
  1420 | D:2      | Reached XP level 5. HP: 13/28 MP: 8/12
  1428 | D:2      | Noticed Natasha
  1434 | D:2      | Killed Natasha
  1435 | D:2      | Reached skill level 3 in Conjurations
  1704 | D:2      | Noticed Natasha
  1706 | D:2      | Noticed Jessica
  1711 | D:2      | Killed Natasha
  1713 | D:2      | Killed Jessica
  1784 | D:2      | Learned a level 4 spell: Sticky Flame
  2851 | D:3      | Found a transporter.
  2860 | D:3      | Found a transporter.
  2860 | D:3      | Noticed diceflayer's ghost (amateur MiFi)
  3074 | D:3      | Reached skill level 5 in Fire Magic
  3074 | D:3      | Reached XP level 6. HP: 32/32 MP: 5/14
  3230 | D:3      | Found a sacrificial altar of Ru.
  3310 | D:3      | Found a glowing silver altar of Zin.
  3319 | D:3      | Became a worshipper of Zin the Law-Giver
  3369 | D:3      | Reached * piety under Zin
  3892 | D:4      | Found a glowing drain.
  3933 | Sewer    | Entered a sewer
  4214 | Sewer    | Reached skill level 4 in Conjurations
  5010 | Sewer    | Reached XP level 7. HP: 36/36 MP: 7/16
  5218 | D:4      | Reached skill level 5 in Spellcasting
  5336 | D:4      | Reached skill level 5 in Conjurations
  5386 | D:4      | Reached ** piety under Zin
  5970 | D:4      | Found an iron altar of Okawaru.
  6075 | D:5      | Entered Level 5 of the Dungeon
  6153 | D:5      | Learned a level 5 spell: Fireball
  6233 | D:5      | Found a shimmering altar of Xom.
  6342 | D:5      | Reached skill level 6 in Conjurations
  6342 | D:5      | Reached XP level 8. HP: 41/41 MP: 11/18
  6392 | D:5      | Found a staircase to the Ecumenical Temple.
  6511 | D:5      | Donated 100 gold pieces to Zin
  6513 | Temple   | Entered the Ecumenical Temple
  7041 | D:6      | Reached *** piety under Zin
  7297 | D:6      | Reached skill level 1 in Invocations
  7416 | D:6      | Found a snail-covered altar of Cheibriados.
  7418 | D:6      | Noticed Maggie
  7434 | D:6      | Killed Maggie
  7435 | D:6      | Reached skill level 1 in Fighting
  7844 | D:5      | Reached skill level 7 in Conjurations
  8084 | D:6      | Reached **** piety under Zin
  8167 | D:6      | Learned a level 2 spell: Static Discharge
  8585 | D:6      | Reached XP level 9. HP: 37/47 MP: 12/21
  8982 | D:7      | Reached skill level 5 in Stealth
  9018 | D:7      | Reached skill level 5 in Dodging
  9149 | D:7      | Found a sand-covered staircase.
  9158 | Ossuary  | Entered an ossuary
  9702 | Ossuary  | Reached skill level 8 in Conjurations
 10763 | D:8      | Reached XP level 10. HP: 42/55 MP: 7/23
 10992 | D:8      | Found a broken altar of Ashenzari.
 10992 | D:8      | Noticed a two-headed ogre
 11007 | D:8      | Killed a two-headed ogre
 11133 | D:8      | Identified a scroll of acquirement
 11133 | D:8      | Acquired the Papyrus of Air
 11137 | D:8      | Noticed Pikel
 11142 | D:8      | Killed Pikel
 11257 | D:8      | Reached ***** piety under Zin
 11636 | D:8      | Noticed a boulder beetle
 11647 | D:8      | HP: 1/56 [boulder beetle (35)]
 11659 | D:8      | Killed a boulder beetle
 11660 | D:8      | Reached skill level 9 in Conjurations
 11660 | D:8      | Reached skill level 1 in Air Magic
 12273 | D:9      | Found a staircase to the Lair.
 13004 | D:9      | Reached skill level 10 in Fire Magic
 13129 | D:9      | Reached XP level 11. HP: 54/60 MP: 12/25
 13254 | D:9      | Noticed a two-headed ogre
 13270 | D:9      | Killed a two-headed ogre
 13271 | D:9      | Reached skill level 5 in Invocations
 13537 | D:9      | Found the +9 staff of Olgreb {rPois∞}
 13583 | D:9      | Found a runed translucent gate.
 13583 | D:9      | Found a runed translucent gate.
 13583 | D:9      | Noticed a red ugly thing
 13583 | D:9      | Noticed a white ugly thing
 13584 | D:9      | Found a runed translucent gate.
 13584 | D:9      | Noticed a green ugly thing
 13584 | D:9      | Noticed a green ugly thing
 13671 | D:9      | Learned a level 5 spell: Freezing Cloud
 13681 | D:9      | Reached skill level 1 in Ice Magic
 13869 | D:9      | Found a basalt altar of Yredelemnul.
 13981 | D:9      | Noticed a brown ugly thing
 14022 | Lair:1   | Entered Level 1 of the Lair of Beasts
 14027 | Lair:1   | Identified the +8 plate armour "Ypydd" {Rampage rCorr}
 15600 | Lair:1   | Learned a level 3 spell: Stone Arrow
 15651 | Lair:1   | Reached skill level 10 in Conjurations
 16251 | Lair:1   | Learned a level 4 spell: Iskenderun's Mystic Blast
 16519 | Lair:2   | Reached skill level 1 in Earth Magic
 16626 | Lair:2   | Noticed a seven-headed hydra
 16893 | Lair:2   | Killed a seven-headed hydra
 16942 | Lair:2   | Reached XP level 12. HP: 48/67 MP: 9/27
 17175 | Lair:2   | Found a staircase to the Shoals.
 17951 | Lair:3   | Noticed Nergalle
 17963 | Lair:3   | Killed Nergalle
 18435 | Lair:3   | Noticed a five-headed hydra
 18448 | Lair:3   | Killed a five-headed hydra
 18660 | Lair:3   | Reached skill level 5 in Ice Magic
 19054 | Lair:3   | Identified the +5 war axe of Apusis {freeze, rElec rC+}
 19055 | Lair:3   | Identified the amulet of Oboolism {Spirit Rampage Fragile
                  | rF++ Slay+4}
 19987 | Lair:4   | Reached skill level 11 in Conjurations
 20156 | Lair:4   | Reached skill level 5 in Fighting
 20249 | Lair:4   | Noticed Urug
 20257 | Lair:4   | Killed Urug
 20258 | Lair:4   | Reached skill level 10 in Spellcasting
 20348 | Lair:4   | Found a hole to the Spider Nest.
 20727 | Lair:4   | Noticed a six-headed hydra
 21114 | Lair:5   | Noticed a four-headed hydra
 21120 | Lair:5   | Killed a four-headed hydra
 21347 | Lair:5   | Reached XP level 13. HP: 70/72 MP: 23/29
 21606 | Lair:5   | Learned a level 3 spell: Dazzling Flash
 22141 | Lair:5   | Reached ****** piety under Zin
 22347 | D:10     | Entered Level 10 of the Dungeon
 23075 | D:10     | Found a staircase to the Orcish Mines.
 24284 | D:10     | Found a hide-covered altar of Uskayaw.
 24473 | Orc:1    | Entered Level 1 of the Orcish Mines
 25190 | Orc:1    | Noticed an ettin
 25201 | Orc:1    | Killed an ettin
 26024 | Orc:2    | Entered Level 2 of the Orcish Mines
 26042 | Orc:1    | Reached skill level 12 in Conjurations
 26219 | Orc:2    | Found a staircase to the Elven Halls.
 27572 | Orc:2    | Paralysed by an orc sorcerer for 3 turns
 27578 | Orc:2    | Reached skill level 5 in Earth Magic
 28218 | Orc:2    | Found Dorphist's Antique Armour Emporium.
 28218 | Orc:2    | Found Vigro's Magic Scroll Shop.
 28220 | Orc:2    | Found Idujidgho's Weapon Emporium.
 28220 | Orc:2    | Found Lutesch's Assorted Antiques.
 28229 | Orc:2    | Bought a scroll labelled KOMESMU XESOY for 36 gold pieces
 28229 | Orc:2    | Bought a scroll labelled BYENOCIUSO for 36 gold pieces
 28238 | Orc:2    | Bought a scroll of acquirement for 832 gold pieces
 28242 | Orc:2    | Acquired the Collected Works on the Compass and Air
 28247 | Orc:2    | Learned a level 2 spell: Blink
 28247 | Orc:2    | Bought a scroll of brand weapon for 320 gold pieces
 28249 | Orc:2    | Bought a scroll of enchant weapon for 120 gold pieces
 28250 | Orc:2    | Bought a scroll of summoning for 152 gold pieces
 28250 | Orc:2    | Bought a scroll of fear for 56 gold pieces
 28463 | Orc:1    | Noticed an ettin
 28471 | Orc:1    | Killed an ettin
 28757 | Orc:2    | Bought a scroll of enchant armour for 270 gold pieces
 28863 | D:11     | Noticed Josephine
 29231 | D:11     | Reached XP level 14. HP: 78/80 MP: 21/31
 29685 | D:11     | Reached skill level 10 in Stealth
 30052 | D:11     | Killed Josephine
 31189 | Lair:6   | Entered Level 6 of the Lair of Beasts
 31774 | Lair:6   | Reached skill level 10 in Dodging
 31836 | Lair:6   | Reached skill level 13 in Conjurations
 31989 | Lair:6   | Found a staircase to the Slime Pits.
 31989 | Lair:6   | Found a viscous altar of Jiyva.
 33976 | Lair:6   | Reached XP level 15. HP: 62/86 MP: 4/33
 34112 | Lair:6   | Identified the +1 ice dragon scales "Puohulef" {rF- rC++
                  | rCorr Dex+4}
 34113 | Lair:6   | Identified the ring "Qabluru" {Int+6 SInv}
 35218 | Lair:6   | Learned a level 5 spell: Lightning Bolt
 35964 | Orc:2    | Bought a scroll of amnesia for 56 gold pieces
 36563 | D:12     | Found a portal to a secret trove of treasure.
 36922 | D:12     | Reached skill level 14 in Conjurations
 37592 | D:13     | Noticed Sonja
 37599 | D:13     | Killed Sonja
 37651 | D:13     | Reached skill level 1 in Short Blades
 37718 | D:13     | Found a flagged portal.
 37801 | Bailey   | Entered a bailey
 38978 | Bailey   | Identified the +11 scimitar "Daydunti" {vorpal, rPois
                  | Str+4}
 38980 | Bailey   | Identified the +2 pair of gloves of Somewhere Else {-Tele
                  | rElec rN+++ Slay+4}
 39311 | D:13     | You fall into a shaft and drop 2 floors!
 39311 | D:15     | Entered Level 15 of the Dungeon
 39973 | D:14     | Reached skill level 5 in Air Magic
 40730 | D:13     | Found a transporter.
 40755 | D:13     | Found a transporter.
 40822 | D:13     | HP: 3/87 [poison (dark miasma)]
 41156 | D:13     | Identified the amulet "Qufi" {Acrobat Dex+3 Slay+3}
 41297 | D:13     | Identified the +0 pair of boots of Disappointment {Str+4}
 41514 | D:13     | Reached skill level 10 in Invocations
 42109 | D:14     | You fall into a shaft and drop 1 floor!
 42263 | D:15     | Reached XP level 16. HP: 54/87 MP: 10/34
 42456 | D:15     | Reached skill level 10 in Ice Magic
 43007 | D:15     | Found an opulent altar of Gozag.
 43033 | D:15     | Found a shadowy altar of Dithmenos.
 43106 | D:15     | Found a staircase to the Depths.
 43311 | D:14     | Found Bocweveamu's Antique Armour Boutique.
 43319 | D:14     | Bought a warped robe for 148 gold pieces
 43319 | D:14     | Identified the +1 robe of the Hidden Vale {Harm rC- Will+
                  | Dex+7} (You bought it in a shop on level 14 of the Dungeon)
 43342 | D:14     | Found a gate to the Vaults.
 43706 | D:3      | Killed diceflayer's ghost
 44175 | D:9      | Found a runed translucent gate.
 44175 | D:9      | Found a runed translucent gate.
 44182 | D:9      | Found a runed translucent gate.
 44182 | D:9      | Noticed othur's ghost (novice GrFi)
 44221 | D:9      | Killed othur's ghost
 44591 | Shoals:1 | Entered Level 1 of the Shoals
 44846 | Shoals:1 | Reached skill level 5 in Short Blades
 45023 | Shoals:1 | Learned a level 6 spell: Starburst
 45459 | Shoals:1 | You fall into a shaft and drop 1 floor!
 45501 | Shoals:1 | Noticed a kraken
 45532 | Shoals:1 | Killed a kraken
 46238 | Shoals:1 | Noticed a titan
 46278 | Shoals:1 | Killed a titan
 46279 | Shoals:1 | Reached skill level 15 in Conjurations
 49429 | Shoals:2 | Noticed Nikola
 49441 | Shoals:2 | Killed Nikola
 50189 | Shoals:3 | Found a frozen archway.
 50190 | Shoals:3 | Noticed Ilsuiw
 50204 | Shoals:3 | Killed Ilsuiw
 50329 | IceCv    | Entered an ice cave
 50356 | IceCv    | Mangled by a dire elephant simulacrum

Illustrated notes

Levels and vault maps discovered:
D:1:      dpeg_arrival_round_a, layout_rooms
D:2:      layout_basic, serial_rivers, chequers_serial_rivers_micro_c,
          chequers_serial_rivers_room_a, chequers_serial_rivers_large_a,
          chequers_serial_rivers_small_a, chequers_serial_rivers_room_a,
          uniq_jessica, uniq_natasha
D:3:      layout_loops_cross, mainiacjoe_overflow_paths,
          nicolae_ru_awakened_eye, gammafunk_ghost_arena,
          kennysheep_decorative_pillar
D:4:      wad_pebble_path, layout_loops_ring, nicolae_overflow_hidden_temple,
          cheibrodos_sewer_entry_sluice
D:5:      layout_loops_cross, xom_teletrap_fun, minmay_temple_entry_mini_moons
D:6:      layout_cave_pods, slow_altar_1, uniq_maggie
D:7:      layout_rooms, enter_ossuary_3
D:8:      layout_basic, cheibrodos_ashenzari_chains, uniq_pikel
D:9:      layout_roguey, general_overflow_altar, david_lair_generic,
          ploomutoo_gammafunk_ghost_potion_laboratory, st_stairs_4
D:10:     layout_cave_pods, lemuel_doored_altar, zombieorc1_lemuel,
          serial_column_ruins, column_ruins_open_small_water,
          column_ruins_open_small, column_ruins_grid_3,
          column_ruins_columns_straight, column_ruins_grid_1,
          minmay_misc_feat_hallway
D:11:     cheibrodos_helix_gallery, layout_cave_pools, uniq_josephine
D:12:     layout_gridville, nicolae_trove_entry_path_of_doom, chequers_garden
D:13:     gammafunk_worm_tunnel, layout_gridville, enter_bailey_3, uniq_sonja
D:14:     layout_big_octagon, erik_vaults_2, serial_shops, shop,
          minmay_misc_feat_rugged
D:15:     grunt_enter_depths_magical_seal, layout_rooms,
          nicolae_gozag_cash_rules_everything_around_me,
          hangedman_abyss_or_decor_stagger, nicolae_dithmenos_the_darkroom
Temple:   eino_temple_lava
Lair:1:   layout_cave_pods, wad_woods_river_01, infiniplex_staircase_pool_2
Lair:2:   layout_concentric_octagons, minmay_shoals_entry_hut
Lair:3:   layout_gridlike, serial_bayou_shore_a, grunt_megastairs_1,
          minmay_lair_oklob_chamber, uniq_nergalle
Lair:4:   layout_regular_city, nicolae_spider_entry_non_spiders, uniq_urug
Lair:5:   layout_roguey, serial_forest, infiniplex_forest_straight_1,
          infiniplex_forest_lined_4_way, infiniplex_forest_lined_room_,
          infiniplex_forest_lined_room_, lemuel_fruit_tree
Lair:6:   hangedman_lair_in_review, layout_concentric_octagons,
          hangedman_lair_caniforms_friends, slime_altar_1,
          chequers_serial_rivers_micro_b
Shoals:1: layout_shoals, st_sunken_temple
Shoals:2: layout_shoals, uniq_nikola
Shoals:3: cheibrodos_shoals_three_sisters, layout_shoals,
          portal_ice_cave_entry_pillars_three,
          nicolae_shoals_spring_well_temple, uniq_ilsuiw
Orc:1:    cheibrodos_orc_guarddog, layout_caves
Orc:2:    grunt_orc_tribal_feast, layout_diamond_mine, mines_bat_river
IceCv:    ice_cave_small_necro

Skill      XL: |  1  2  3  4  5  6  7  8  9 10 11 12 13 14 15 16 |
---------------+-------------------------------------------------+-----
Conjurations   | 2 3 4 6 7 8 9 10 11 12 13 14 15 | 15.4
Fire Magic     | 4 5 6 7 9 10 11 | 11.4
Dodging        | 3 4 5 6 7 8 9 10 11 12 | 12.2
Stealth        | 3 4 5 6 7 8 9 10 | 10.1
Spellcasting   | 4 5 6 7 8 9 10 11 12 13 | 13.5
Invocations    | 2 3 4 5 6 8 9 10 | 10.7
Fighting       | 1 2 3 4 5 6 7 8 |  8.4
Air Magic      | 2 4 5 6 |  6.7
Ice Magic      | 4 6 7 9 10 | 10.7
Earth Magic    | 1 3 5 6 7 |  7.1
Short Blades   | 4 6 |  6.8

Action                   |  1- 3 |  4- 6 |  7- 9 | 10-12 | 13-15 | 16-18 || total
-------------------------+-------+-------+-------+-------+-------+-------++-------
Melee: Unarmed           |     2 |       |       |       |       |       ||     2
       Dagger            |     4 |    25 |    69 |    88 |   514 |   105 ||   805
       Staff             |       |       |       |    48 |       |     9 ||    57
       Rapier            |       |       |       |       |       |    16 ||    16
       Scimitar          |       |       |       |       |       |     3 ||     3
Throw: Dart              |       |       |       |     5 |       |     3 ||     8
 Cast: Foxfire           |    58 |   200 |   186 |    57 |    21 |     9 ||   531
       Sticky Flame      |       |     6 |    52 |    57 |    91 |    20 ||   226
       Conjure Flame     |       |       |     7 |     8 |    13 |       ||    28
       Inner Flame       |       |       |     1 |     5 |     4 |       ||    10
       Fireball          |       |       |    13 |    72 |    44 |    13 ||   142
       Iskenderun's Myst |       |       |       |    12 |   137 |    58 ||   207
       Freezing Cloud    |       |       |       |    28 |   204 |    78 ||   310
       Stone Arrow       |       |       |       |     2 |     2 |       ||     4
       Blink             |       |       |       |       |     5 |     1 ||     6
       Lightning Bolt    |       |       |       |       |    17 |    22 ||    39
Invok: Recite            |       |       |    14 |     5 |    36 |    14 ||    69
       Donate Gold       |       |       |     1 |       |       |       ||     1
       Vitalisation      |       |       |       |     3 |     3 |     3 ||     9
Evoke: Wand              |       |       |       |     5 |    12 |     4 ||    21
  Use: Scroll            |       |     2 |    18 |    14 |    14 |     8 ||    56
       Potion            |       |       |       |     1 |     3 |     2 ||     6
 Stab: Sleeping          |       |     3 |     1 |     5 |    11 |     3 ||    23
       Invisible         |       |       |       |     1 |       |       ||     1
       Confused          |       |       |       |       |     8 |     1 ||     9
       Distracted        |       |       |       |       |     1 |       ||     1
       Paralysed         |       |       |       |       |       |     1 ||     1
Armor: Steam dragon scal |     2 |     4 |    54 |    56 |   224 |    69 ||   409
       Robe              |     1 |       |       |       |       |       ||     1
Dodge: Dodged            |    10 |    38 |    75 |   110 |   434 |   262 ||   929
Block: Other             |       |       |     1 |    50 |   126 |       ||   177
       Reflection        |       |       |       |       |     6 |       ||     6
       Rpst.: Scimitar   |       |       |       |       |       |     3 ||     3
